Unix NetHack Version 3.7.0-89 Work-in-progress - last build Sep 7 2023 15:16:41 (8494bff02b67719303c47e298deaa89034127798,branch:master). Game began 2023-09-10 23:38:03, ended 2023-09-10 23:51:39. Stella, chaotic female orcish Barbarian --- ...| |..<.| #......# ---------- #------# |hCh......| # ## OCh..\.....| ## # @|.........| ### # T ...}}}...| # # #y ..}}}...| ## ------ )# ..}}}...| #------ .....| ## .....(.| #|....| |...).## .......| #|...%|# #...^.| ......| #......####------ ------- |....|# |....| ------ Stella the Bandit St:18/04 Dx:16 Co:17 In:7 Wi:8 Ch:6 Chaotic Dlvl:17 $:642 HP:0(70) Pw:13(13) AC:0 Exp:7 T:3016 Latest messages: An ogre suddenly appears next to you! An iguana suddenly appears close by! A rock piercer suddenly appears next to you! An ice troll suddenly appears close by! A large kobold suddenly appears close by! A zruty suddenly appears close by! You hear a nearby zap. The magic missile hits it. The magic missile hits you! The magic missile hits it. You hit it. The rock piercer bites! You hear a nearby zap. The magic missile hits it. The magic missile hits it. You kill the rock piercer! You swap places with the peaceful ogre. You try to feel what is lying here on the ground. You feel here a rock piercer corpse. The ice troll misses! The ice troll hits! You avoid harm. The ice troll bites! The forest centaur misses! The forest centaur kicks! The forest centaur hits! The forest centaur misses! You can see again. What do you want to read? [MOPS or ?*] As you read the scroll, it disappears. Your cloak crumbles and turns to dust! The dwarf king wields a rusty dwarvish mattock! The dwarvish mattock welds itself to the dwarf king's hands! The forest centaur hits! The forest centaur misses! The forest centaur hits! The forest centaur kicks! What do you want to read? [MOP or ?*] As you read the scroll, it disappears. You have found a scroll of stinking cloud! Where do you want to center the cloud? The scroll crumbles with a whiff of rotten eggs. The ice troll hits! The ice troll hits! You're covered in frost! Your effervescent potion freezes and shatters! One of your yellow potions freezes and shatters! The ice troll bites! You die... Do you want to see the dungeon overview? [ynq] (y) Inventory: Coins $ - 642 gold pieces Weapons a - a blessed rusty corroded +0 battle-axe (weapon in hands) b - a +0 orcish short sword Armor F - an uncursed +0 dwarvish iron helm (being worn) o - an uncursed -1 helm of opposite alignment I - an uncursed +0 pair of iron shoes (being worn) H - a cursed +0 dwarvish mithril-coat (being worn) Comestibles p - 2 uncursed food rations T - 3 uncursed food rations e - an uncursed tripe ration C - an uncursed tin of smoked newt meat y - an uncursed egg Scrolls P - a cursed scroll of light O - an uncursed scroll of teleportation Potions E - an uncursed potion of extra healing q - an uncursed potion of healing h - 2 uncursed potions of invisibility w - an uncursed potion of levitation B - an uncursed potion of sickness U - an uncursed potion of speed Rings v - an uncursed ring of searching j - an uncursed ring of warning Wands K - a wand of light (0:12) r - a wand of lightning (0:0) N - a wand of striking (0:4) Tools t - an uncursed blindfold k - an uncursed oil lamp x - a +0 pick-axe (alternate weapon; not wielded) n - a cursed skeleton key Gems/Stones s - an uncursed obsidian stone i - 2 uncursed worthless pieces of black glass z - an uncursed worthless piece of blue glass m - an uncursed worthless piece of white glass Stella the Barbarian's attributes: Background: You were a Bandit, a level 7 female orcish Barbarian. You were chaotic, on a mission for Set who was opposed by Mitra (lawful) and Crom (neutral). You were in the Dungeons of Doom, on level 17. You entered the dungeon 3016 turns ago. It was nighttime. You had 810 experience points, 470 more were needed to attain level 8. Basics: You had 0 out of 70 hit points. You had all 13 energy points (spell power). Your armor class was 0. Your wallet contained 642 zorkmids. Autopickup was on for '$?!/"=' plus thrown, with exceptions. Final Characteristics: Your strength was 18/04 (limit:18/50). Your dexterity was 16 (limit:18). Your constitution was 17 (limit:18). Your intelligence was 7 (limit:16). Your wisdom was 8 (limit:16). Your charisma was 6 (limit:16). Final Status: You were not hungry. You were unencumbered. You were wielding an axe. You were skilled in axe. Final Attributes: You were piously aligned. You were poison resistant. You were telepathic. You had infravision. You were guarded. You were fast. You are dead. Miscellaneous: You disabled loading of bones levels. Total elapsed playing time was 13 minutes and 36 seconds. Major events: Turn 1: Stella the chaotic female orcish Barbarian entered the dungeon 751: attained the rank of Pillager (level 3) 1124: entered the Gnomish Mines 1952: attained the rank of Bandit (level 6) 3016: killed by an ice troll Vanquished creatures: an ettin mummy an ochre jelly a giant spider a black light a jaguar a raven a plains centaur 2 water nymphs a rock piercer a pony a yellow light 5 gnome leaders a gray ooze an elf zombie a giant ant a floating eye 4 dwarves a giant bat 6 orc zombies 5 dwarf zombies 3 iguanas a manes a giant rat 2 cave spiders 20 gnomes 3 gnome zombies a gecko a fox 4 kobolds a goblin 3 sewer rats 3 grid bugs 2 bats a lichen 5 kobold zombies 2 newts 90 creatures vanquished. No species were genocided or became extinct. Voluntary challenges: You read items or engraved 3 times. You never engraved Elbereth. You never had a pet. You never genocided any monsters. You never polymorphed an object. You never changed form. You used no wishes. Achievements: You entered a shop. You attained the rank of Pillager. You entered the Gnomish Mines. You attained the rank of Bandit. You entered a temple. The Dungeons of Doom: levels 1 to 17 Level 1: Level 2: A general store, a fountain. Level 3: Stairs down to The Gnomish Mines. Level 4: Level 5: Level 6: An altar. Level 7: Level 8: Level 9: Level 10: Level 11: A temple to Set. Summoned by Pelias. Level 12: Level 13: An altar to Set. Level 14: Level 15: A primitive area. Level 16: Level 17: <- You were here. A throne. Final resting place for you, killed by an ice troll. The Gnomish Mines: levels 4 to 5 Level 4: Level 5: Game over: ---------- / \ / REST \ / IN \ / PEACE \ / \ | Stella | | 642 Au | | killed by an ice | | troll | | | | | | 2023 | *| * * * | * _________)/\\_//(\/(/\)/\//\/|_)_______ Goodbye Stella the Barbarian... You died in The Dungeons of Doom on dungeon level 17 with 4668 points, and 642 pieces of gold, after 3016 moves. You were level 7 with a maximum of 70 hit points when you died.